 Dungeon Crawl Stone Soup version 0.31.0-32-g396128a36d (webtiles) character file.

Game seed: 16554885920300344280

98 AdnanSaban the Covered (level 4, -2/29 HPs)
             Began as a Gargoyle Fighter on Apr 19, 2024.
             Killed by nerve-wracking pain
             ... invoked by Grinder
              (6 damage)
             ... on level 3 of the Dungeon.
             The game lasted 00:02:49 (1985 turns).

AdnanSaban the Covered (Gargoyle Fighter)           Turns: 1985, Time: 00:02:49

Health: -2/29      AC: 15    Str: 21    XL:     4   Next: 69%
Magic:  4/4        EV: 11    Int:  9    God:
Gold:   124        SH:  4    Dex:  9    Spells: 3/3 levels left

rFire   . . .        a - +0 flail
rCold   . . .        c - +0 buckler
rNeg    + . .        b - +0 plate armour
rPois   ∞            (no helmet)
rElec   +            (no cloak)
rCorr   .            (no gloves)
SInv    +            (no boots)
Will    .....        (no amulet) Stlth
                     f - ring of see invisible
HPRegen 0.24/turn    m - +5 ring of evasion
MPRegen 0.09/turn

%: no passive effects
@: no status effects
A: sickness immunity, AC +3, negative energy resistance 1, electricity
resistance, torment resistance 1, petrification resistance
a: no special abilities


You were on level 3 of the Dungeon.
You visited 1 branch of the dungeon, and saw 3 of its levels.

You collected 124 gold pieces.

Inventory:

Hand Weapons
 a - a +0 flail (weapon)
Armour
 b - a +0 plate armour (worn)
 c - a +0 buckler (worn)
Jewellery
 f - a ring of see invisible (left hand)
 m - a +5 ring of evasion (right hand)
Scrolls
 e - a scroll of fog {unknown}
 h - 2 scrolls of identify {unknown}
 l - a scroll of enchant armour {unknown}
 n - a scroll of teleportation {unknown}
Potions
 d - 2 potions of might
 g - 2 potions of curing {unknown}
 i - a potion of berserk rage {unknown}
 j - a potion of mutation {unknown}
 k - a potion of experience {unknown}
 o - 2 potions of lignification {unknown}


   Skills:
 + Level 3.9 Fighting
 + Level 3.3 Maces & Flails
 + Level 4.0 Armour
 + Level 0.6 Dodging
 + Level 3.6 Shields


You had 3 spell levels left.
You didn't know any spells.
Your spell library contained the following spells:

 Spells                   Type           Power      Damage    Failure   Level
 Haunt                    Necr/Summ      0%         N/A       100%        7
 Borgnjor's Revivificati  Necr           0%         N/A       100%        8
 Death's Door             Necr           0%         N/A       100%        9


Dungeon Overview and Level Annotations

Branches:
Dungeon (3/15)

Altars:

Annotations:
D:2 Sigmund
D:3 Grinder


Innate Abilities, Weirdness & Mutations

You are immune to sickness and miasma.
Your stone body is resilient. (AC +3)
You are immune to poison.
You resist negative energy. (rN+)
You are resistant to electric shocks. (rElec)
You are resistant to unholy torment.
You are immune to petrification.


Message History

Your Armour skill increases to level 4!
You sock Grinder!
Grinder is heavily wounded.
Grinder closely misses you.
You hit Grinder.
Grinder is heavily wounded.
You block Grinder's attack.
You hit Grinder but do no damage.
Grinder is heavily wounded.
Grinder hits you but does no damage. Grinder gestures at you.
You resist with significant effort.
You hit Grinder but do no damage.
Grinder is heavily wounded.
Grinder gestures at you. Pain shoots through your body!
You hit Grinder.
Grinder is heavily wounded.
You block Grinder's attack.
You closely miss Grinder.
Grinder is heavily wounded.
Grinder hits you.
* * * LOW HITPOINT WARNING * * *
You hit Grinder.
Grinder is heavily wounded.
Grinder hits you but does no damage. x2
You hit Grinder but do no damage.
Grinder is heavily wounded.
Grinder misses you.
You hit Grinder but do no damage.
Grinder is heavily wounded.
Grinder gestures at you. Pain shoots through your body!
* * * LOW HITPOINT WARNING * * *
You hit Grinder but do no damage.
Grinder is heavily wounded.
Grinder gestures at you. Pain shoots through your body!
You die...
Grinder says, "Hey, I wasn't done torturing you yet!"

..# #.....# ..## #..#### .#
...####...# .# ##...##.#.#####
.### ............... g..
#####...##..... .. ##### #####
.# ########################.#
...[...........5@)).##...######
###################............
#####......|. #########


You could see Grinder.

Vanquished Creatures
  Jessica (D:2)
  An adder (D:2)
  4 dart slugs
  A ribbon worm (D:2)
  5 ball pythons
  9 bats
  7 endoplasms
  2 giant cockroaches (D:2)
  4 goblins
  5 hobgoblins
  5 kobolds
  2 quokkas
  4 frilled lizards
  2 rats (D:2)
52 creatures vanquished.

Notes
Turn   | Place    | Note
-------+----------+-------------------------------------------
     0 | D:1      | AdnanSaban the Gargoyle Fighter began the quest for the
                  | Orb.
     0 | D:1      | Reached XP level 1. HP: 14/14 MP: 1/1
    31 | D:1      | Reached XP level 2. HP: 14/19 MP: 2/2
   372 | D:1      | Reached XP level 3. HP: 23/24 MP: 3/3
   641 | D:2      | Noticed Jessica
   737 | D:2      | Killed Jessica
   806 | D:2      | Reached XP level 4. HP: 27/29 MP: 4/4
  1238 | D:2      | Noticed Sigmund
  1947 | D:3      | Noticed Grinder
  1976 | D:3      | Reached skill level 4 in Armour
  1985 | D:3      | Killed from afar by Grinder

Illustrated notes

Levels and vault maps discovered:
D:1:      noname_arrival_rooms_in_the_neighbourhood, layout_rooms
D:2:      layout_loops_corners, hangedman_feature_mirror,
          corexii_hall_statues_i, corexii_leaking_fountain, uniq_jessica,
          uniq_sigmund
D:3:      layout_rooms, dreamdust_ecumenical_altar_hidden_monk_grotto,
          minmay_increasing_density, uniq_ijyb, uniq_robin, uniq_grinder

Skill      XL: |  1  2  3  4 |
---------------+-------------+-----
Maces & Flails | 3 |  3.3
Armour         | 4 |  4.0
Fighting       | |  3.9
Dodging        | |  0.6
Shields        | |  3.6

Action                     |  1- 3 |  4- 6 || total
---------------------------+-------+-------++-------
  Melee: Flail             |   109 |    96 ||   205
 Armour: Scale mail        |    75 |    40 ||   115
         Plate armour      |       |    21 ||    21
  Dodge: Dodged            |    55 |    86 ||   141
  Block: Buckler           |    20 |    26 ||    46
